Map: 2000 Atmospheres LE

Players

Serral

  • Race: Zerg Zerg

ByuN - Winner!

  • Race: Terran Terran

Event: StayAtHome Story Cup #4

VOD

Have the link to the VOD?

Description

Time

  • Played on: Oct. 23, 2021, 8:52 a.m.
  • Length: 21:36

All games in this series

Show
View Real Time Build Order
Export as new Build Order

Serral Zerg 

Build Orders: Pool First 

Get SALT Encoding   

  12  0:00  Drone  
  13  0:12  Overlord  
  13  0:17  Drone  
  14  0:31  Drone x2  
  16  0:40  Spawning Pool  
  15  0:44  Drone  
  15  0:48  Drone  
  17  1:08  Hatchery  
  17  1:11  Drone  
  17  1:27  Zergling x4  
  17  1:28  Zergling x2  
  17  1:29  Queen  
  17  1:32  Extractor  
  21  1:38  Overlord  
  21  1:51  Drone  
  22  2:00  Drone  
  23  2:05  Queen  
  25  2:11  Drone  
  26  2:20  Drone, Queen  
  26  2:22  Drone  
  30  2:31  Drone  
  30  2:33  Drone  
  31  2:37  Drone  
  31  2:38  Drone x2  
  31  2:41  Drone  
  34  2:45  Metabolic Boost  
  34  2:47  Drone  
  35  2:55  Overlord  
  35  2:56  Drone  
  36  3:07  Hatchery  
  36  3:09  Drone  
  36  3:17  Overlord  
  36  3:18  Drone x2  
  36  3:19  Drone  
  39  3:21  Drone  
  39  3:23  Drone  
  39  3:25  Drone  
  41  3:29  Zergling x4  
  43  3:37  Zergling x2  
  43  3:38  Zergling x4  
  43  3:39  Queen  
  48  3:44  Queen  
  50  3:50  Zergling x2  
  50  3:53  Overlord  
  51  3:58  Zergling x6  
  52  4:09  Overlord  
  52  4:14  Zergling x10  
  52  4:15  Queen  
  59  4:20  Queen  
  59  4:21  Queen  
  62  4:25  Drone x2  
  62  4:28  Drone  
  62  4:29  Drone x2  
  66  4:32  Drone x2  
  66  4:36  Overlord  
  68  4:41  Drone, Baneling Nest  
  68  4:44  Drone  
  70  4:50  Drone  
  70  4:51  Drone x3  
  74  4:54  Drone x2, Evolution Chamber  
  74  4:56  Evolution Chamber  
  74  4:59  Queen  
  74  5:02  Queen  
  74  5:05  Overlord  
  78  5:07  Drone  
  78  5:08  Drone  
  78  5:13  Overlord  
  80  5:14  Drone x2, Extractor  
  80  5:19  Overlord  
  80  5:20  Drone  
  82  5:23  Zerg Melee Weapons Level 1  
  82  5:25  Zerg Ground Armor Level 1  
  82  5:29  Baneling Nest  
  82  5:32  Drone x3  
  82  5:34  Overlord  
  84  5:39  Lair  
  84  5:40  Queen  
  86  5:44  Overlord  
  86  5:45  Zergling x4  
  86  5:46  Zergling x2  
  86  5:49  Zergling x6  
  92  5:52  Overlord  
  92  5:55  Zergling x6  
  92  5:56  Drone  
  96  5:58  Overlord  
  96  5:59  Zergling x2  
  96  6:00  Zergling x2  
  96  6:01  Zergling x2  
  99  6:04  Overlord  
  99  6:05  Zergling x2  
  99  6:07  Zergling x2  
  99  6:11  Zergling x6  
  104  6:12  Baneling x4  
  104  6:13  Baneling x3  
  104  6:15  Baneling  
  104  6:19  Zergling x8  
  104  6:21  Queen  
  104  6:23  Zergling x2  
  104  6:24  Zergling x2  
  104  6:25  Baneling x2  
  112  6:28  Drone  
  112  6:30  Baneling  
  112  6:31  Zergling x2  
  114  6:33  Spore Crawler  
  114  6:36  Zergling x2  
  114  6:37  Zergling x6  
  117  6:41  Baneling  
  117  6:42  Baneling  
  117  6:46  Zergling x6  
  120  6:48  Baneling x2  
  120  6:50  Hatchery  
  120  6:53  Queen x2  
  123  6:55  Zergling x6  
  123  6:58  Baneling x2  
  123  7:00  Zergling x8  
  130  7:09  Zergling x8  
  133  7:20  Zergling x8  
  137  7:23  Centrifugal Hooks  
  137  7:24  Overlord x3  
  137  7:29  Overlord  
  137  7:38  Zergling x2  
  137  7:45  Zergling x8  
  137  7:48  Hatchery  
  137  7:50  Zergling x6  
  140  7:53  Baneling x6  
  140  7:58  Zergling x6  
  143  8:01  Zergling x2  
  143  8:05  Zergling x16  
  152  8:14  Zergling x6  
  153  8:20  Zergling x10  
  153  8:23  Queen x3  
  153  8:24  Queen  
  165  8:27  Zergling x4  
  165  8:34  Overlord  
  165  8:37  Zergling x2  
  165  8:38  Zergling x4  
  167  8:43  Zergling x4  
  169  8:49  Zergling x12  
  171  8:59  Queen  
  171  9:01  Zergling x10  
  171  9:02  Zergling x6  
  179  9:09  Zergling x4  
  179  9:12  Overlord  
  179  9:13  Baneling x10  
  179  9:14  Baneling x2  
  179  9:16  Baneling x6  
  179  9:17  Zergling x10  
  169  9:24  Zergling x6  
  169  9:28  Zergling x2  
  167  9:32  Baneling x3  
  167  9:38  Zergling x20  
  169  9:44  Zergling x4  
  169  9:45  Hatchery  
  150  9:48  Zergling x4  
  139  9:55  Zergling x2  
  135  10:04  Zergling x6  
  131  10:11  Zergling x4  
  129  10:18  Zergling x4  
  131  10:21  Zergling x2  
  131  10:23  Zergling x4  
  131  10:26  Zergling x2  
  131  10:27  Zergling x12  
  138  10:31  Zergling x6  
  138  10:34  Zerg Melee Weapons Level 2  
  139  10:41  Zergling x4  
  141  10:48  Zergling x2  
  142  10:52  Zerg Ground Armor Level 2  
  142  10:53  Zergling x14  
  142  10:56  Zergling x2  
  142  10:57  Zergling x6  
  153  11:01  Queen, Zergling x2  
  156  11:06  Zergling x6  
  159  11:17  Drone x4  
  159  11:19  Baneling x5  
  159  11:22  Zergling x8  
  163  11:25  Hatchery  
  163  11:30  Zergling x12  
  148  11:43  Zergling x2  
  148  11:44  Zergling x6  
  151  11:47  Zergling x2  
  152  11:56  Drone x7  
  152  11:57  Drone x5  
  152  11:58  Drone  
  152  12:00  Zergling x2  
  166  12:05  Baneling x14  
  166  12:08  Zergling x2  
  166  12:09  Zergling x4  
  166  12:15  Zergling x6  
  171  12:18  Zergling x6  
  171  12:27  Zergling x16  
  179  12:33  Zergling x2  
  179  12:34  Zergling x6  
  177  12:39  Zergling x10  
  170  12:45  Zergling x4  
  167  13:00  Hatchery  
  167  13:01  Zergling x20  
  167  13:07  Hatchery  
  167  13:14  Zergling x16  
  167  13:19  Baneling x4  
  178  13:20  Baneling x7  
  178  13:23  Zergling x14  
  177  13:30  Zergling x2  
  177  13:31  Zergling x10  
  177  13:32  Baneling  
  177  13:33  Baneling x3  
  183  13:37  Baneling x5  
  183  13:42  Overlord x2  
  183  13:46  Spore Crawler  
  183  13:47  Drone x3  
  183  13:54  Zergling x2  
  183  14:02  Zergling x20  
  181  14:08  Zergling x2  
  166  14:19  Zergling x6  
  166  14:20  Zergling x10  
  166  14:24  Baneling x7  
  172  14:33  Zergling x16  
  172  14:38  Baneling x6  
  180  14:42  Extractor  
  180  14:43  Extractor  
  180  14:44  Drone x3  
  181  14:46  Hatchery  
  180  14:53  Zergling x12  
  180  14:59  Zergling x10  
  189  15:00  Zergling x2  
  187  15:10  Baneling x2  
  185  15:16  Zergling x2  
  185  15:17  Zergling x20  
  172  15:22  Zergling x2  
  155  15:32  Hydralisk Den  
  154  15:37  Zergling x18  
  154  15:41  Zergling x8  
  167  15:45  Baneling x8  
  167  15:49  Hatchery  
  166  15:55  Zergling x14  
  171  15:58  Drone  
  171  16:02  Muscular Augments  
  172  16:09  Zergling x16  
  172  16:10  Zergling x2  
  181  16:12  Drone  
  183  16:24  Zergling x16  
  188  16:30  Drone x2  
  188  16:31  Drone  
  191  16:38  Hatchery  
  191  16:39  Zerg Missile Weapons Level 1  
  187  16:41  Zergling x24  
  194  16:57  Zergling x16  
  194  16:58  Hatchery  
  185  17:05  Baneling x14  
  182  17:10  Zergling x10  
  186  17:18  Baneling x14  
  181  17:23  Zergling x6  
  184  17:30  Baneling x3  
  184  17:31  Baneling  
  162  17:42  Hydralisk x5  
  133  17:45  Drone  
  133  17:46  Drone x2, Extractor x2  
  133  17:47  Drone x4  
  133  17:55  Hydralisk x2  
  133  17:56  Zergling x2  
  138  18:03  Zergling x10  
  143  18:08  Spore Crawler  
  133  18:13  Zergling x2  
  133  18:14  Zergling x10  
  129  18:24  Zergling x6  
  128  18:28  Zergling x2  
  126  18:36  Zergling x10  
  131  18:43  Zergling x2  
  131  18:45  Drone x3  
  135  18:52  Zergling x6  
  135  18:54  Grooved Spines  
  136  19:00  Zergling x10  
  137  19:06  Zergling x4  
  137  19:07  Drone x2  
  141  19:10  Zergling x2  
  142  19:21  Zergling x2  
  142  19:22  Zergling x4  
  142  19:24  Hatchery  
  141  19:29  Baneling x11  
  141  19:30  Zergling x8  
  145  19:31  Zergling x2  
  146  19:40  Zergling x12  
  148  19:48  Zergling x6  
  144  19:59  Zergling x2  
  141  20:00  Zergling x10  
  142  20:07  Zergling x12  
  142  20:13  Hydralisk x2  
  151  20:19  Hydralisk  
  152  20:24  Hydralisk x2  
  156  20:34  Baneling x2  
  156  20:35  Zergling x6  
  157  20:49  Zergling x2  
  156  20:50  Zergling x14  
  111  21:05  Zergling x20  
  111  21:07  Zergling x2  
  111  21:10  Zergling x2  
Show
View Real Time Build Order
Export as new Build Order

ByuN Terran - Winner!

Build Orders:  

Get SALT Encoding   

  12  0:00  SCV  
  13  0:12  SCV  
  14  0:16  Supply Depot  
  14  0:24  SCV  
  15  0:38  SCV  
  15  0:40  Barracks  
  15  0:42  Refinery  
  16  0:50  SCV  
  17  1:02  SCV  
  18  1:14  SCV  
  19  1:27  Barracks Reactor, Orbital Command  
  19  1:38  Command Center  
  19  1:48  Supply Depot  
  19  1:52  SCV  
  20  1:59  Barracks  
  20  2:04  Marine x2  
  20  2:05  SCV  
  23  2:13  Barracks  
  23  2:17  SCV  
  23  2:22  Marine x2  
  26  2:35  SCV  
  25  2:40  Marine x2  
  27  2:47  SCV, Barracks Tech Lab  
  28  2:59  SCV, Marine x2  
  28  3:03  Barracks Tech Lab  
  31  3:07  Refinery, Stimpack  
  31  3:10  Marine  
  31  3:11  SCV  
  33  3:13  Orbital Command  
  33  3:18  Marine x2  
  35  3:23  SCV  
  35  3:25  Marine  
  37  3:28  Marine  
  37  3:30  Combat Shield  
  38  3:35  Supply Depot  
  38  3:38  SCV  
  38  3:39  SCV  
  41  3:42  Marine x2  
  42  3:51  SCV x2  
  45  4:00  Marine  
  45  4:01  Marine  
  45  4:02  Factory  
  46  4:03  SCV x2, Marine x2  
  50  4:14  Supply Depot  
  50  4:16  SCV x2  
  52  4:21  Marine x2  
  54  4:24  Marine  
  54  4:25  Marine  
  54  4:30  SCV  
  54  4:31  SCV  
  50  4:36  Supply Depot  
  50  4:38  Marine  
  50  4:42  Marine  
  50  4:43  SCV x2, Marine  
  56  4:47  Starport  
  55  4:52  Refinery  
  55  4:53  Engineering Bay  
  55  4:55  SCV x2  
  55  4:57  Siege Tank  
  61  5:00  Supply Depot  
  61  5:02  Marine x2  
  61  5:03  Marine  
  61  5:05  Marine  
  64  5:09  SCV x2  
  66  5:16  Supply Depot  
  66  5:20  Terran Infantry Weapons Level 1  
  66  5:21  SCV x2  
  66  5:22  Marine x2  
  66  5:23  Marine x2  
  72  5:29  Siege Tank  
  72  5:32  Medivac  
  77  5:38  Refinery  
  77  5:40  SCV x2  
  77  5:41  Supply Depot  
  79  5:45  Supply Depot  
  79  5:48  Marine x2  
  79  5:49  Barracks Reactor, Marine  
  82  5:53  SCV x2  
  84  6:03  Starport Reactor, Siege Tank  
  87  6:09  Marine x3  
  90  6:13  Supply Depot  
  90  6:15  Supply Depot  
  90  6:33  Command Center  
  90  6:36  Marine x4  
  90  6:37  Marine  
  95  6:42  Medivac x2  
  95  6:43  Siege Tank  
  102  6:49  SCV x2  
  102  6:52  Supply Depot  
  102  6:53  Supply Depot  
  104  6:58  Marine  
  104  6:59  Marine x4  
  109  7:15  Siege Tank  
  112  7:17  Marine  
  112  7:18  Marine x3  
  116  7:24  Marine  
  116  7:25  Barracks x2, Liberator x2  
  123  7:35  SCV x2, Terran Infantry Armor Level 1  
  125  7:38  Supply Depot  
  125  7:41  Supply Depot  
  125  7:47  Marine x5  
  125  7:50  Orbital Command  
  130  8:04  Marine  
  130  8:05  Marine x3  
  134  8:06  Siege Tank  
  134  8:11  Liberator x2  
  143  8:14  Orbital Command  
  143  8:22  Barracks Reactor  
  143  8:23  Armory  
  143  8:24  Marine x2  
  143  8:25  Barracks Reactor, Engineering Bay  
  145  8:33  Marine x2  
  145  8:34  Marine  
  148  8:35  SCV  
  148  8:36  SCV  
  148  8:38  Siege Tank  
  152  8:42  Marine x2  
  152  8:48  SCV x3  
  157  8:51  Marine x3  
  160  9:01  Marine x5  
  159  9:05  SCV x3  
  159  9:07  Medivac  
  164  9:12  Medivac, Siege Tank  
  164  9:13  Supply Depot, Terran Infantry Weapons Level 2  
  169  9:30  Marine  
  169  9:31  Marine x2  
  160  9:32  Marine x6  
  160  9:37  Medivac  
  168  9:42  Medivac  
  145  9:45  SCV x2  
  145  9:46  SCV  
  145  9:52  Marine x3  
  128  9:53  Marine  
  128  9:57  SCV x2  
  127  10:05  SCV  
  127  10:06  Terran Infantry Armor Level 2  
  123  10:09  SCV  
  123  10:10  SCV  
  125  10:17  SCV  
  126  10:22  SCV x2  
  127  10:30  SCV  
  127  10:34  SCV x2  
  129  10:42  SCV  
  130  10:43  Marine x7  
  130  10:44  Marine  
  130  10:46  SCV x2  
  140  10:54  SCV, Siege Tank  
  144  10:58  SCV x2  
  144  11:02  Supply Depot  
  146  11:06  SCV  
  146  11:10  SCV x2  
  146  11:17  Marine x3  
  146  11:18  SCV, Marine x6  
  149  11:22  SCV  
  150  11:26  Siege Tank  
  143  11:34  Marine  
  136  11:40  Marine  
  136  11:42  Marine x3  
  136  11:43  Marine x4  
  143  11:52  SCV, Marine  
  143  11:56  Supply Depot  
  143  11:58  Marine, Siege Tank  
  143  12:00  Marine x5  
  152  12:01  Marine x2  
  154  12:10  Marine  
  154  12:11  Liberator x2  
  161  12:16  Marine  
  161  12:17  Supply Depot  
  161  12:18  Marine x5  
  161  12:19  Marine x2  
  161  12:21  Terran Infantry Weapons Level 3  
  165  12:28  Marine  
  166  12:30  Siege Tank  
  166  12:33  Terran Infantry Armor Level 3  
  166  12:34  Marine  
  166  12:35  Marine  
  166  12:36  Marine x4  
  171  12:43  SCV  
  171  12:44  SCV  
  164  12:47  Marine  
  164  12:48  Marine x2  
  166  12:52  Marine  
  166  12:54  Medivac  
  163  13:03  Marine x5  
  166  13:05  Marine x2  
  166  13:08  Liberator  
  171  13:15  Siege Tank  
  171  13:16  Marine x2  
  176  13:29  Marine x3  
  176  13:30  Marine x4  
  176  13:33  Marine  
  180  13:49  Marine  
  180  13:54  Supply Depot x2, Marine  
  180  13:56  Siege Tank  
  180  13:58  SCV x3  
  150  14:12  Marine x4  
  151  14:17  Marine x2  
  151  14:18  Marine x2  
  155  14:24  Medivac  
  155  14:28  Siege Tank  
  160  14:46  Marine x2  
  160  14:47  Marine x4  
  160  14:50  Marine x3  
  169  15:00  Siege Tank  
  171  15:09  Liberator  
  171  15:10  Liberator  
  147  15:30  Marine  
  147  15:31  Marine x2  
  147  15:32  Marine x5  
  147  15:33  Marine  
  156  15:44  Bunker  
  156  15:48  Marine x2  
  156  15:49  Marine  
  159  15:50  Marine x5  
  159  15:52  Liberator, Siege Tank  
  169  15:58  Orbital Command  
  169  16:01  Marine  
  170  16:06  Marine  
  171  16:19  Marine x8  
  171  16:24  Marine, Siege Tank  
  151  16:55  Marine  
  151  16:56  Marine, Siege Tank  
  151  16:57  Marine x4  
  151  16:58  Marine, Orbital Command  
  151  16:59  Marine x2  
  155  17:13  Marine x2  
  155  17:14  Marine x2  
  155  17:15  Marine x2  
  160  17:16  Marine x2  
  160  17:17  Marine  
  159  17:28  Siege Tank  
  162  17:33  Liberator  
  164  17:41  Marine  
  164  17:42  Marine x2  
  114  17:46  Marine  
  114  17:47  Marine x2  
  114  17:48  Marine x2  
  114  17:50  Marine  
  111  17:59  Marine  
  111  18:00  Marine x2  
  111  18:03  Siege Tank  
  111  18:04  Marine  
  118  18:09  Marine x2  
  118  18:11  Marine x2  
  122  18:13  Marine  
  122  18:17  Marine  
  122  18:18  Marine x2  
  124  18:23  Marine  
  121  18:27  Marine x2  
  121  18:29  Marine  
  124  18:35  Marine x3  
  124  18:36  Marine  
  128  18:47  Marine x2  
  129  18:48  Marine x2  
  129  18:52  Siege Tank  
  131  19:04  Marine x3  
  131  19:05  Marine  
  131  19:09  Marine  
  136  19:18  Marine  
  136  19:19  Orbital Command  
  136  19:22  Marine x3  
  133  19:24  Siege Tank  
  133  19:25  Liberator x2  
  140  19:38  Marine x3  
  132  20:06  Marine  
  133  20:09  Marine  
  133  20:10  Marine x2  
  135  20:35  Marine x5, Siege Tank  
  143  20:44  Marine  
  143  20:45  Marine  
  143  20:49  Marine  
  146  20:54  Marine  
  146  20:55  Marine  
  146  20:57  Marine  
  99  21:04  Marine x2  
  99  21:07  Widow Mine  
  105  21:13  Marine  
  105  21:16  Marine  
Tags
 
Add a new tag
Caveats
  • Supply blocks, unpowered buildings, or Contaminate may cause inaccurate times.
  • Supply counts are checked every 10 seconds.